 Dungeon Crawl Stone Soup version 0.28.0-53-g5a82cb258f (webtiles) character file.

Game seed: 9081899122931848157

213 jamesp the Sneak (level 5, 0/27 HPs)
             Began as a Vine Stalker Brigand on July 29, 2022.
             Succumbed to a scorpion's poison
             ... on level 4 of the Dungeon on Aug 1, 2022.
             The game lasted 00:10:38 (2689 turns).

jamesp the Sneak (Vine Stalker Brigand)             Turns: 2689, Time: 00:10:39

Health: 0/27       AC:  7    Str: 13    XL:     5   Next: 90%
Magic:  2/6        EV: 11    Int: 11    God:
Gold:   164        SH:  0    Dex: 18    Spells: 4/4 levels left

rFire   . . .      SeeInvis .   a - +2 dagger
rCold   + . .      Faith    .   (no shield)
rNeg    . . .      Spirit   +   k - +0 ring mail of Quluitaats {rElec rC+}
rPois   .          Reflect  .   (no helmet)
rElec   +          Harm     .   c - +0 cloak
rCorr   .          Rampage  .   i - +0 pair of gloves
Will    .....                   (no boots)
Stlth   +++.......              (no amulet)
HPRegen 0.89/turn               (no ring)
MPRegen 0.10/turn               (no ring)

@: lethally poisoned (0 -> -18)
A: fangs 2, regeneration 1, magic shield, antimagic bite, no potion heal 2
a: no special abilities


You were on level 4 of the Dungeon.
You visited 1 branch of the dungeon, and saw 4 of its levels.
You also visited: Sewer.

You collected 164 gold pieces.

Inventory:

Hand Weapons
 a - a +2 dagger (weapon)
Missiles
 d - 6 poisoned darts (quivered)
 e - 2 curare-tipped darts
 f - 54 bolts
 h - 91 stones
 l - 5 javelins
 u - 16 arrows
Armour
 b - a +0 robe
 c - a +0 cloak (worn)
 i - a +0 pair of gloves (worn)
 k - the +0 ring mail of Quluitaats (worn) {rElec rC+}
   (You found it on level 2 of the Dungeon)

   rC:        It protects you from cold.
   rElec:     It insulates you from electricity.
 p - a +0 buckler
Scrolls
 g - a scroll of teleportation {unknown}
 j - a scroll of fear {unknown}
 m - a scroll of holy word {unknown}
 o - 2 scrolls of immolation {unknown}
 r - 5 scrolls of identify {unknown}
 s - a scroll of amnesia {unknown}
Potions
 n - 2 potions of ambrosia {unknown}
 q - 2 potions of curing {unknown}
 t - 2 potions of haste {unknown}


   Skills:
 + Level 2.7 Fighting
 - Level 2.3 Short Blades
 + Level 3.1 Throwing
 + Level 2.3 Dodging
 - Level 5.8 Stealth


You had 4 spell levels left.
You didn't know any spells.
Your spell library contained the following spells:

 Spells                   Type           Power      Damage    Failure   Level
 Ignite Poison            Fire/Tmut/Pois 0%         N/A       93%         3
 Mephitic Cloud           Conj/Pois/Air  0%         N/A       93%         3
 Freezing Cloud           Conj/Ice/Air   0%         6-21      100%        5


Dungeon Overview and Level Annotations

Branches:
Dungeon (4/15)              Sewer (visited)
 Temple: D:4-7

Altars:

Shops:
D:2 [


Innate Abilities, Weirdness & Mutations

You have extremely sharp teeth.
Your natural rate of healing is unusually fast.
When hurt, damage is shared between your health and your magic reserves.
Your bite disrupts and absorbs the magic of your enemies.
Potions cannot restore your health.


Message History

Found a stone staircase leading down.
Throw: 7 darts (poison)
Press: ? - help, Q - select action, (/) - cycle Shift-Dir - straight line, f - scorpion
Aim: a scorpion (63% to hit)
You throw a poisoned dart. The poisoned dart hits the scorpion.
The scorpion is poisoned.
You closely miss the scorpion.
The scorpion is lightly wounded.
The scorpion stings you!
You hit the scorpion.
The scorpion is moderately wounded.
The scorpion stings you.
You are poisoned.
The scorpion poisons you!
You closely miss the scorpion.
The scorpion is heavily wounded.
You feel very sick. The scorpion stings you.
You are lethally poisoned!
The scorpion poisons you!
You hit the scorpion.
The scorpion is heavily wounded.
You feel very sick. The scorpion barely misses you.
You hit the scorpion but do no damage.
The scorpion is heavily wounded.
You feel very sick. The scorpion closely misses you.
You barely miss the scorpion. You bite the scorpion. You drain its power.
You feel invigorated.
The scorpion is almost dead.
* * * LOW HITPOINT WARNING * * *
You feel very sick. The scorpion stings you.
* * * LOW HITPOINT WARNING * * *
You are more poisoned.
The scorpion poisons you!
You hit the scorpion but do no damage.
The scorpion is almost dead.
You die...

#...............
#####.##########
#...##### #+##
#.......# #...##
#<..###.# ##.....##
####.##.###.......#
#####...#.##.........
............'.......!>
######...#.##@s..<....
##.##.###........
####.# ##....J#. #.#
#...## #.# #+## ..#
###


You could see a scorpion (poisoned) and an endoplasm (asleep).

Vanquished Creatures
  An iguana (D:3)
  5 river rats
  8 adders
  2 worms (D:2)
  2 dart slugs (D:3)
  2 bats
  5 endoplasms
  4 giant cockroaches
  5 goblins
  2 hobgoblins
  3 jackals (D:3)
  3 kobolds
  A quokka (D:3)
  6 ball pythons
  9 frilled lizards
  12 rats
70 creatures vanquished.

Vanquished Creatures (others)
  A fungus (D:1)
  3 toadstools (D:1)
4 creatures vanquished.

Grand Total: 74 creatures vanquished

Notes
Turn   | Place    | Note
-------+----------+-------------------------------------------
     0 | D:1      | jamesp the Vine Stalker Brigand began the quest for the
                  | Orb.
     0 | D:1      | Reached XP level 1. HP: 11/11 MP: 2/2
   136 | D:1      | Reached skill level 1 in Dodging
   170 | D:1      | Reached skill level 5 in Stealth
   170 | D:1      | Reached XP level 2. HP: 5/15 MP: 1/3
   963 | D:2      | Reached XP level 3. HP: 18/18 MP: 4/4
   999 | D:2      | Identified the +0 ring mail of Quluitaats {rElec rC+}
  1200 | D:2      | Found Loevuc's Armour Shoppe.
  1286 | D:3      | Gained mutation: Your natural rate of healing is unusually
                  | fast. [Vine Stalker growth]
  1286 | D:3      | Reached XP level 4. HP: 15/23 MP: 3/5
  1447 | D:3      | Reached XP level 5. HP: 22/26 MP: 2/6
  1468 | D:3      | Found a glowing drain.
  1482 | Sewer    | Entered a sewer
  2358 | D:2      | Found a faded altar of an unknown god.
  2689 | D:4      | Succumbed to a scorpion's poison

Illustrated notes

Levels and vault maps discovered:
D:1:      amcnicky_arrival_flooded_fountain, layout_rooms,
          minmay_gold_behind_fungi
D:2:      layout_rooms, shapermc_ecumenical_altar_gd, serial_shops,
          nicolae_shop_hallway_plus
D:3:      layout_loops_ring, portal_sewer_entry_e, kennysheep_doodads
D:4:      minmay_angry_zag, layout_loops_corners, minmay_box_of_dots,
          uniq_blork_the_orc, uniq_ijyb

Skill      XL: |  1  2  3  4  5 |
---------------+----------------+-----
Dodging        | 1 2 |  2.3
Stealth        | 5 |  5.8
Short Blades   | 2 |  2.3
Throwing       | 2 3 |  3.1
Fighting       | 2 |  2.7

Action                   |  1- 3 |  4- 6 || total
-------------------------+-------+-------++-------
Melee: Dagger            |    61 |   151 ||   212
       Bite              |    17 |    29 ||    46
       Punch             |       |     1 ||     1
Throw: Dart              |     3 |     1 ||     4
       Stone             |     3 |       ||     3
 Stab: Sleeping          |    10 |    11 ||    21
       Distracted        |     1 |       ||     1
Armor: Robe              |     3 |       ||     3
       Ring mail         |     6 |    49 ||    55
Dodge: Dodged            |    17 |    71 ||    88
